 Dungeon Crawl Stone Soup version 0.17.1-3-g152610e (webtiles) character file.

37 Kingpool the Magician (level 3, 0/24 HPs)
             Began as a Demonspawn Wizard on Mar 15, 2016.
             Slain by an orc wizard
             ... wielding a +0 dagger
              (5 damage)
             ... on level 2 of the Dungeon.
             The game lasted 00:17:38 (2169 turns).

Kingpool the Magician (Demonspawn Wizard)           Turns: 2169, Time: 00:17:38

Health: 0/24       AC:  2    Str:  7    XL:     3   Next: 23%
Magic:  1/8        EV: 17    Int: 20    God:
Gold:   103        SH:  0    Dex: 16    Spells: 2 memorised, 6 levels left

rFire  . . .     SeeInvis +     h - +0 spear
rCold  . . .     Clarity  .     a - +0 robe
rNeg   . . .     SustAt   .     (no shield)
rPois  .         Gourm    .     b - +0 hat
rElec  .         Spirit   .     (no cloak)
rCorr  .         Warding  .     (no gloves)
rMut   .         Stasis   .     (no boots)
MR     .....                    (no amulet)
Stlth  +++.......               (no ring)
                                k - ring of see invisible

@: agile, drained, not resistant to hostile enchantments, fairly stealthy
A: antennae 1
a: no special abilities


You were on level 2 of the Dungeon.
You were hungry.

You visited 1 branch of the dungeon, and saw 3 of its levels.

You collected 103 gold pieces.

Inventory:

Hand Weapons
 h - a +0 spear (weapon)
Armour
 a - a +0 robe (worn)
 b - a +0 hat (worn)
 e - a +1 helmet
Jewellery
 k - a ring of see invisible (left hand)
Wands
 q - a wand of random effects (31)
Scrolls
 i - 2 scrolls of remove curse {unknown}
 j - a scroll of fear {unknown}
 o - a scroll of immolation {unknown}
 r - a scroll of enchant weapon {unknown}
Potions
 l - a potion of brilliance {unknown}
 n - a potion of agility
 p - a potion of poison {unknown}
 s - a potion of might {unknown}
Books
 c - a book of Minor Magic

   Spells                             Type                      Level
   a - Magic Dart                     Conjuration                  1
   b - Blink                          Translocation                2
   c - Call Imp                       Summoning                    2
   d - Repel Missiles                 Charms/Air                   2
   e - Slow                           Hexes                        2
   f - Conjure Flame                  Conjuration/Fire             3
   g - Mephitic Cloud                 Conjuration/Poison/Air       3
Comestibles
 d - a bread ration
 m - a slice of pizza


   Skills:
 - Level 2.0(1.8) Dodging
 - Level 2.1(1.8) Stealth
 + Level 3.5(3.2) Spellcasting
 + Level 1.7(1.4) Conjurations
   Level 1.0(0.7) Summonings
 - Level 0.8(0.6) Translocations
 + Level 0.2(0.0) Evocations


You had 6 spell levels left.
You knew the following spells:

 Your Spells              Type           Power        Failure   Level  Hunger
a - Magic Dart            Conj           #...         10%         1    None
b - Blink                 Tloc           N/A          21%         2    ##.....


Dungeon Overview and Level Annotations

Branches:
Dungeon (3/15)

Altars:
Cheibriados


Innate Abilities, Weirdness & Mutations

You have a pair of small antennae on your head.


Message History

The orc wizard hits you but does no damage.
Drink which item? (? for menu, Esc to quit)
You feel agile all of a sudden. The orc wizard completely misses you.
Your magical contamination has completely faded away.
You hit the orc wizard.
The orc wizard is almost dead.
The orc wizard casts a spell at you. You resist with significant effort.
You closely miss the orc wizard.
The orc wizard is almost dead.
The orc wizard points at you and mumbles some strange words.
You resist with significant effort.
You barely miss the orc wizard.
The orc wizard is almost dead.
The orc wizard hits you but does no damage.
You barely miss the orc wizard.
The orc wizard is almost dead.
The orc wizard hits you with a dagger.
You die...

##########
#..o@....#
#.#.###.(# #########
#.#..##..###.......#
#.#..........##.##.#
#.#..##..###.##.##.#
###.#..##..#
#.#..##.#
#..........#
#.#<###.#
#.##########
#.#.###.# #.#
######.......#


You could see an orc wizard.

Vanquished Creatures
  An adder (D:2)
  A worm (D:2)
  A giant gecko (D:2)
  An orc (D:2)
  2 giant cockroaches (D:1)
  A goblin (D:2)
  3 hobgoblins
  A quokka (D:2)
  4 bats
  A giant newt (D:2)
  6 kobolds
  3 rats
25 creatures vanquished.

Notes
Turn   | Place    | Note
--------------------------------------------------------------
     0 | D:1      | Kingpool the Demonspawn Wizard began the quest for the Orb.
     0 | D:1      | Reached XP level 1. HP: 13/13 MP: 4/4
   674 | D:1      | Gained mutation: You have a pair of small antennae on your head. [demonic ancestry]
   674 | D:1      | Reached XP level 2. HP: 19/19 MP: 3/6
   774 | D:2      | Learned a level 2 spell: Blink
  1478 | D:2      | Reached XP level 3. HP: 22/24 MP: 2/7
  1807 | D:3      | Found a snail-covered altar of Cheibriados.
  2169 | D:2      | Slain by an orc wizard

Action                   || total
-------------------------++-------
Melee: Spear             ||    29
       Club              ||     5
 Cast: Magic Dart        ||    71
  Use: Scroll            ||     2
       Potion            ||     2
  Eat: Chunk             ||     3
